 Dungeon Crawl Stone Soup version 0.30-a0-989-g0d87f670db (webtiles) character file.

Game seed: 13418541013796730817

98 jtron the Trooper (level 4, -4/49 HPs)
             Began as an Ogre Monk on Apr 3, 2023.
             Slain by Natasha (7 damage)
             ... on level 2 of the Dungeon.
             The game lasted 00:02:09 (1627 turns).

jtron the Trooper (Ogre Monk)                       Turns: 1627, Time: 00:02:10

Health: -4/49      AC:  3    Str: 15    XL:     4   Next: 71%
Magic:  4/4        EV: 15    Int: 13    God:
Gold:   89         SH:  0    Dex: 11    Spells: 3/3 levels left

rFire   . . .      SeeInvis .    a - +0 spear
rCold   . . .      Faith    .    (no shield)
rNeg    . . .      Spirit   .    h - +0 robe
rPois   .          Reflect  .    (helmet restricted)
rElec   .          Rampage  .    (no cloak)
rCorr   .                        (gloves unavailable)
Will    .....                    (boots unavailable)
Stlth   +                        (no amulet)
HPRegen 0.28/turn                i - +5 ring of evasion
MPRegen 0.09/turn                (no ring)

@: confused, ambrosia-drunk, slowed, very slow
A: large, unfitting armour, tough skin 1
a: no special abilities


You were on level 2 of the Dungeon.
You visited 1 branch of the dungeon, and saw 2 of its levels.

You collected 89 gold pieces.

Inventory:

Hand Weapons
 a - a +0 spear (weapon)
 b - a +0 sling
Missiles
 s - 3 stones
Armour
 h - a +0 robe (worn)
Jewellery
 i - a +5 ring of evasion (left hand)
Scrolls
 j - a scroll of noise {unknown}
 k - a scroll of teleportation {unknown}
 m - a scroll of blinking {unknown}
 q - a scroll of brand weapon {unknown}
 r - 4 scrolls of immolation {unknown}
Potions
 d - 3 potions of might {unknown}
 e - a potion of haste {unknown}
 f - a potion of magic {unknown}
 g - a potion of heal wounds {unknown}
 l - a potion of degeneration {unknown}
 n - a potion of resistance {unknown}
 o - a potion of brilliance {unknown}
 p - a potion of lignification {unknown}


   Skills:
 + Level 4.5 Fighting
 + Level 3.5 Polearms
 + Level 2.0 Ranged Weapons
 - Level 3.0 Dodging
 + Level 1.7 Stealth


You had 3 spell levels left.
You didn't know any spells.
Your spell library was empty.

Dungeon Overview and Level Annotations

Branches:
Dungeon (2/15)

Altars:

Annotations:
D:2 Natasha


Innate Abilities, Weirdness & Mutations

You are too large for most types of armour.
You have tough skin. (AC +1)


Message History

Natasha mumbles some strange words.
You closely miss Natasha.
Natasha is severely wounded.
Natasha stares at you and mumbles some strange words.
You feel yourself slow down.
You hit Natasha.
Natasha is severely wounded.
The white imp misses you.
Natasha hisses.
Natasha closely misses you. The white imp gestures at you.
The puff of frost misses you.
The puff of frost misses Natasha.
You hit Natasha.
Natasha is almost dead.
Natasha claws you. The white imp hits you. The white imp freezes you.
Natasha barely misses you.
You barely miss Natasha.
Natasha is almost dead.
The white imp misses you.
Natasha mumbles some strange words.
The white imp gestures at you. The puff of frost hits you!
* * * LOW HITPOINT WARNING * * *
You hit Natasha but do no damage.
Natasha is almost dead.
Natasha casts a spell at you. The magic dart hits you.
* * * LOW HITPOINT WARNING * * *
The white imp barely misses you.
You barely miss Natasha.
Natasha is almost dead.
Natasha claws you.
* * * LOW HITPOINT WARNING * * *
The white imp closely misses you. Natasha misses you.
You are confused.
You feel invigorated. The white imp hits you.
* * * LOW HITPOINT WARNING * * *
The white imp freezes you.
* * * LOW HITPOINT WARNING * * *
Natasha claws you!
You die...

#.##....#.##.####.#
#.##.#...[........# ## #######
#.........####.#### #. ......#
###..#.#..#.......# #. #####.###
#.......#.##.##.####.
......#.#####.##..............)..
##.....#........##.##.##.##.####.
##.##.###....##.##.##.##.##.##...
...##†.#.....##5@h5##.......##.#.
......#.#....##.#######...####.##
#####.###.#####)# #...# #.#.
......# #.#####.#### #[..# ##.#.
#########..........# #...###..).
#.....##.#........####..........
#.....##.#..#..#................
#...........#...................
#.....##.#....##................


You could see an iron imp (summoned), Natasha and a white imp (summoned).

Vanquished Creatures
  Natasha (twice) (D:2)
  A worm (D:2)
  2 dart slugs (D:2)
  5 endoplasms
  2 giant cockroaches (D:1)
  5 goblins
  6 hobgoblins
  2 quokkas (D:1)
  5 ball pythons
  3 bats (D:2)
  4 frilled lizards
  A kobold (D:1)
  2 rats
40 creatures vanquished.

Notes
Turn   | Place    | Note
-------+----------+-------------------------------------------
     0 | D:1      | jtron the Ogre Monk began the quest for the Orb.
     0 | D:1      | Reached XP level 1. HP: 24/24 MP: 1/1
   118 | D:1      | Reached XP level 2. HP: 32/32 MP: 2/2
   826 | D:2      | Reached XP level 3. HP: 38/39 MP: 3/3
  1054 | D:2      | Reached skill level 1 in Ranged Weapons
  1076 | D:2      | Noticed Natasha
  1084 | D:2      | Killed Natasha
  1085 | D:2      | Reached XP level 4. HP: 33/49 MP: 4/4
  1310 | D:2      | Noticed Natasha
  1319 | D:2      | Killed Natasha
  1607 | D:2      | Noticed Natasha
  1626 | D:2      | HP: 2/49 [Natasha (4)]
  1627 | D:2      | Slain by Natasha

Illustrated notes

Levels and vault maps discovered:
D:1:      minmay_arrival_checkered_box, layout_loops_cross
D:2:      layout_loops_cross, minmay_pentomino_o4, uniq_natasha

Skill      XL: |  1  2  3  4 |
---------------+-------------+-----
Ranged Weapons | 1 2 |  2.0
Dodging        | 3 |  3.0
Fighting       | |  4.5
Polearms       | |  3.5
Stealth        | |  1.7

Action                     |  1- 3 |  4- 6 || total
---------------------------+-------+-------++-------
  Melee: Spear             |    57 |    48 ||   105
   Fire: Sling             |    77 |       ||    77
    Use: Potion            |       |     1 ||     1
   Stab: Sleeping          |     3 |       ||     3
 Armour: Robe              |    25 |     1 ||    26
  Dodge: Dodged            |    52 |    28 ||    80

Table legend: (Time is in decaauts)
 A = Elapsed time spent in this place.
 B = Non-inter-level travel time spent in this place.
 C = Inter-level travel time spent in this place.
 D = Time resting spent in this place.
 E = Time spent auto-exploring this place.
 F = Levels seen in this place.
 G = Mean time per level.
                   A        B        C        D        E       F      G
               +--------+--------+--------+--------+--------+-----+--------+
         Total |   1667 |   1620 |     47 |     45 |   1247 |   2 |  833.5 |
       Dungeon |   1667 |   1620 |     47 |     45 |   1247 |   2 |  833.5 |
               +--------+--------+--------+--------+--------+-----+--------+

Top non-repeatable levels by time:
     D:2: 908 daAuts
     D:1: 758 daAuts
